 Dungeon Crawl Stone Soup version 0.31-a0-437-g7cee417757 (webtiles) character file.

Game seed: 18121555623931156151

470 Ethylacetat the Insei (level 7, -6/37 HPs)
             Began as a Vine Stalker Monk on Aug 2, 2023.
             Killed by divine providence
             ... invoked by an orc priest
              (13 damage)
             ... on level 6 of the Dungeon.
             The game lasted 00:05:57 (3467 turns).

Ethylacetat the Insei (Vine Stalker Monk)           Turns: 3467, Time: 00:05:57

Health: -6/37      AC: 13    Str: 13    XL:     7   Next: 9%
Magic:  0/11       EV: 13    Int: 10    God:
Gold:   253        SH:  0    Dex: 19    Spells: 11/11 levels left

rFire   . . .        v - +1 mace (protect)
rCold   . . .        c - orb {light}
rNeg    + . .        a - +0 robe
rPois   +            (no helmet)
rElec   .            (no cloak)
rCorr   .            (no gloves)
SInv    .            (no boots)
Will    +....        r - amulet "Coicuut" {Contam rPois rN+ Regen+}
Stlth   +            n - +4 ring of protection
HPRegen 1.86/turn    g - ring of willpower
MPRegen 0.12/turn

%: guardian spirit
@: under a protective aura, glowing
A: fangs 2, regeneration 1, magic shield, antimagic bite, no potion heal 2
a: no special abilities


You were on level 6 of the Dungeon.
You visited 2 branches of the dungeon, and saw 7 of its levels.

You collected 253 gold pieces.

Inventory:

Hand Weapons
 v - a +1 mace of protection (weapon)
 x - a +4 falchion of holy wrath
Missiles
 e - 2 throwing nets
Armour
 a - a +0 robe (worn)
 c - an orb of light (worn)
Jewellery
 g - a ring of willpower (right hand)
 n - a +4 ring of protection (left hand)
 r - the amulet "Coicuut" (around neck) {Contam rPois rN+ Regen+}
   (You found it on level 3 of the Dungeon)

   [amulet of regeneration]

   rPois:     It protects you from poison.
   rN:        It protects you from negative energy.
   Contam:    It causes magical contamination when unequipped.
   Regen:     It increases your rate of health regeneration.
Talismans
 w - a serpent talisman
Scrolls
 h - a scroll of fear {unknown}
 i - a scroll of enchant armour {unknown}
 j - 2 scrolls of identify {unknown}
 k - a scroll of teleportation {unknown}
 p - 2 scrolls of poison {unknown}
 u - a scroll of noise {unknown}
Potions
 b - a potion of ambrosia
 d - a potion of degeneration {unknown}
 f - 6 potions of curing {unknown}
 l - 2 potions of berserk rage {unknown}
 m - a potion of invisibility {unknown}
 o - a potion of lignification {unknown}
 q - a potion of heal wounds {unknown}
 s - 2 potions of haste {unknown}
 t - a potion of mutation {unknown}
 z - a potion of brilliance {unknown}


   Skills:
 + Level 4.2 Fighting
 - Level 3.0 Dodging
 + Level 5.1 Unarmed Combat
 + Level 2.6 Spellcasting
 * Level 1.9 Shapeshifting


You had 11 spell levels left.
You didn't know any spells.
Your spell library contained the following spells:

 Spells                   Type           Power      Damage    Failure   Level
 Sandblast                Erth           2%         2d4       30%         1
 Shock                    Conj/Air       4%         1d3       30%         1
 Passwall                 Tmut/Erth      0%         N/A       41%         2
 Poisonous Vapours        Pois/Air       2%         N/A       41%         2
 Gell's Gravitas          Tloc           1%         N/A       65%         3
 Inner Flame              Hex/Fire       1%         N/A       65%         3
 Mephitic Cloud           Conj/Pois/Air  1%         N/A       65%         3
 Portal Projectile        Hex/Tloc       2%         N/A       65%         3
 Stone Arrow              Conj/Erth      2%         3d7       65%         3
 Swiftness                Air            1%         N/A       65%         3
 Teleport Other           Tloc           1%         N/A       65%         3
 Tukima's Dance           Hex            1%         N/A       65%         3
 Vhi's Electric Charge    Tloc/Air       2%         N/A       65%         3
 Volatile Blastmotes      Fire/Tloc      2%         2d10      65%         3
 Airstrike                Air            0%         2d(1-17)  96%         4
 Animate Dead             Necr           1%         N/A       96%         4
 Flame Wave               Conj/Fire      1%         2d4       96%         4
 Fulminant Prism          Conj/Hex       0%         3d5       96%         4
 Iskenderun's Mystic Bla  Conj/Tloc      1%         2d3       96%         4
 Sticky Flame             Conj/Fire      1%         2d3       96%         4
 Arcjolt                  Conj/Air       0%         1d10      100%        5
 Freezing Cloud           Conj/Ice/Air   0%         6-21      100%        5
 Dispersal                Tloc           0%         N/A       100%        6
 Haunt                    Necr/Summ      0%         N/A       100%        7
 Infestation              Necr           0%         N/A       100%        8
 Maxwell's Capacitive Co  Air            0%         ∞         100%        8


Dungeon Overview and Level Annotations

Branches:
Dungeon (6/15)             Temple (1/1) D:4

Altars:
Ashenzari
Elyvilon
Hepliaklqana
Nemelex Xobeh
Okawaru
Qazlal
Sif Muna
Trog
Uskayaw
Vehumet
Wu Jian

Annotations:
D:5 3 runed translucent doors, mohammadb5305's ghost, novice HuFE
Temple 2 transporters


Innate Abilities, Weirdness & Mutations

You have extremely sharp teeth.
Your natural rate of healing is unusually fast.
When hurt, damage is shared between your health and your magic reserves.
Your bite disrupts and absorbs the magic of your enemies.
Potions cannot restore your health.


Message History

The water moccasin is severely wounded.
The water moccasin closely misses you.
The orc priest invokes the aid of Beogh against you.
Beogh smites you!
* * * LOW HITPOINT WARNING * * *
The water moccasin barely misses you. The orc priest closely misses you.
You barely miss the water moccasin. You bite the water moccasin.
You drain its power.
You feel invigorated.
The water moccasin is almost dead.
The water moccasin bites you but does no damage.
The orc priest hits you with a +0 flail.
* * * LOW HITPOINT WARNING * * *
The water moccasin closely misses you.
You hit the water moccasin but do no damage.
Your bite misses the water moccasin.
The water moccasin is almost dead.
The water moccasin misses you.
The orc priest hits you but does no damage.
The water moccasin bites you but does no damage.
The orc priest hits you with a +0 flail!
* * * LOW HITPOINT WARNING * * *
You hit the water moccasin but do no damage.
Your bite misses the water moccasin.
The water moccasin is almost dead.
The water moccasin bites you.
* * * LOW HITPOINT WARNING * * *
The water moccasin bites you but does no damage.
The orc priest hits you with a +0 flail.
* * * LOW HITPOINT WARNING * * *
You hit the water moccasin but do no damage.
You bite the water moccasin.
You kill the water moccasin!
The orc priest misses you.
You have reached level 7!
You hit the orc priest.
The orc priest is lightly wounded.
The orc priest completely misses you.
The orc priest mumbles some strange prayers to Beogh against you.
Beogh smites you!
You die...

#.## #..# ##..##
############....#
.......>.......##
..............##
#....#####....#
### ##...# #.@.#
##†o.# ##..# #..#
#..$ .... .....
###...


You could see an orc priest.

Vanquished Creatures
  A water moccasin (D:6)
  2 scorpions
  A jelly (D:4)
  2 hounds
  4 adders
  4 gnolls (D:5)
  An ufetubus (D:4)
  2 worms
  3 dart slugs
  6 orcs
  4 bats
  An endoplasm (D:3)
  5 giant cockroaches
  3 goblins
  7 hobgoblins
  3 jackals (D:4)
  3 ball pythons
  6 frilled lizards
  7 kobolds
  9 rats
74 creatures vanquished.

Notes
Turn   | Place    | Note
-------+----------+-------------------------------------------
     0 | D:1      | Ethylacetat the Vine Stalker Monk began the quest for the
                  | Orb.
     0 | D:1      | Reached XP level 1. HP: 11/11 MP: 2/2
   259 | D:1      | Reached XP level 2. HP: 16/16 MP: 3/3
   988 | D:2      | Reached XP level 3. HP: 20/20 MP: 4/4
  1498 | D:2      | Gained mutation: Your natural rate of healing is unusually
                  | fast. [Vine Stalker growth]
  1498 | D:2      | Reached XP level 4. HP: 24/24 MP: 5/5
  2352 | D:3      | Identified the amulet "Coicuut" {Contam rPois rN+ Regen+}
  2449 | D:4      | Found a staircase to the Ecumenical Temple.
  2457 | Temple   | Found a transporter.
  2457 | Temple   | Found a transporter.
  2457 | Temple   | Found a transporter.
  2457 | Temple   | Found a transporter.
  2457 | Temple   | Entered the Ecumenical Temple
  2494 | D:4      | Reached skill level 4 in Unarmed Combat
  2548 | D:4      | Reached skill level 1 in Spellcasting
  2548 | D:4      | Reached XP level 5. HP: 28/28 MP: 7/7
  2718 | D:4      | Reached XP level 6. HP: 33/33 MP: 7/9
  3031 | D:5      | Entered Level 5 of the Dungeon
  3174 | D:5      | Reached skill level 5 in Unarmed Combat
  3174 | D:5      | Reached skill level 1 in Shapeshifting
  3298 | D:5      | Found a runed translucent gate.
  3300 | D:5      | Found a runed translucent gate.
  3301 | D:5      | Found a runed translucent gate.
  3381 | D:5      | Noticed mohammadb5305's ghost (novice HuFE)
  3452 | D:6      | Noticed a water moccasin
  3466 | D:6      | Killed a water moccasin
  3467 | D:6      | Reached XP level 7. HP: 5/37 MP: 1/11
  3467 | D:6      | Killed from afar by an orc priest

Illustrated notes

Levels and vault maps discovered:
D:1:      spicycebolla_arrival_ecumenical, layout_basic, serial_bayou_crossing
D:2:      layout_basic, grunt_decor_junction
D:3:      layout_loops_cross
D:4:      layout_cave_pools, minmay_temple_entry_junction_2
D:5:      layout_loops_corners, ebering_ghost_rock_garden
D:6:      layout_layer_cave, nicolae_tso_besieged_by_evil
Temple:   hellmonk_temple_divided_pantheon

Skill      XL: |  1  2  3  4  5  6 |
---------------+-------------------+-----
Fighting       | 3 4 |  4.2
Dodging        | 3 |  3.0
Unarmed Combat | 4 5 |  5.1
Spellcasting   | 1 2 |  2.6
Shapeshifting  | 1 |  1.9

Action                     |  1- 3 |  4- 6 |  7- 9 || total
---------------------------+-------+-------+-------++-------
  Melee: Unarmed           |    71 |    72 |       ||   143
         Bite              |    27 |    45 |       ||    72
         Mace              |       |    68 |     1 ||    69
   Stab: Sleeping          |     1 |       |       ||     1
 Armour: Robe              |     9 |    31 |       ||    40
  Dodge: Dodged            |    37 |   115 |     1 ||   153

Table legend: (Time is in decaauts)
 A = Elapsed time spent in this place.
 B = Non-inter-level travel time spent in this place.
 C = Inter-level travel time spent in this place.
 D = Time resting spent in this place.
 E = Time spent auto-exploring this place.
 F = Levels seen in this place.
 G = Mean time per level.
                   A        B        C        D        E       F      G
               +--------+--------+--------+--------+--------+-----+--------+
         Total |   3485 |   3345 |    140 |      0 |   2839 |   7 |  497.9 |
       Dungeon |   3483 |   3343 |    140 |      0 |   2839 |   6 |  580.5 |
        Temple |      1 |      1 |      0 |      0 |      0 |   1 |    1.0 |
               +--------+--------+--------+--------+--------+-----+--------+

Top non-repeatable levels by time:
     D:2: 948 daAuts
     D:1: 886 daAuts
     D:3: 610 daAuts
     D:4: 585 daAuts
     D:5: 394 daAuts
     D:6: 58 daAuts
  Temple: 1 daAuts
